 Dungeon Crawl Stone Soup version 0.31-a0-208-gdb31a4691d (webtiles) character file.

Game seed: 5023322353163910722

544 funkygono the Chopper (level 7, -5/61 HPs)
             Began as a Minotaur Fighter on June 28, 2023.
             Killed from afar by an orc wizard (8 damage)
             ... with a puff of flame
             ... on level 5 of the Dungeon.
             The game lasted 00:05:33 (3619 turns).

funkygono the Chopper (Minotaur Fighter)            Turns: 3619, Time: 00:05:34

Health: -5/61      AC: 11    Str: 24    XL:     7   Next: 6%
Magic:  15/15      EV:  8    Int:  5    God:
Gold:   176        SH:  5    Dex: 13    Spells: 6/6 levels left

rFire   . . .        b - +6 mace of Summertime {venom, Contam Str+2 Dex+3}
rCold   + . .        c - +0 buckler
rNeg    . . .        r - +0 chain mail
rPois   .            x - +1 hat
rElec   .            f - scarf {repulsion}
rCorr   .            (no gloves)
SInv    .            (no boots)
Will    .....        (no amulet) Stlth
                     h - ring of protection from cold
HPRegen 0.30/turn    n - ring of magical power
MPRegen 0.14/turn

%: repel missiles
@: no status effects
A: horns 2, retaliatory headbutt
a: no special abilities


You were on level 5 of the Dungeon.
You visited 1 branch of the dungeon, and saw 5 of its levels.

You collected 176 gold pieces.

Inventory:

Hand Weapons
 a - a +2 war axe
 b - the +6 mace of Summertime (weapon) {venom, Contam Str+2 Dex+3}
   (You found it on level 5 of the Dungeon)

   Str:       It affects your strength (+2).
   Dex:       It affects your dexterity (+3).
   Contam:    It causes magical contamination when unequipped.
Missiles
 g - 16 stones (quivered)
 o - 4 javelins
Armour
 c - a +0 buckler (worn)
 f - a scarf of repulsion (worn)
 r - a +0 chain mail (worn)
 x - a +1 hat (worn)
Jewellery
 h - a ring of protection from cold (left hand)
 n - a ring of magical power (right hand)
Scrolls
 s - a scroll of fog
Potions
 d - a potion of might
 e - a potion of resistance {unknown}
 i - a potion of brilliance {unknown}
 k - 2 potions of attraction {unknown}
 l - 2 potions of invisibility
 m - 2 potions of haste {unknown}
 t - 2 potions of degeneration {unknown}
 v - a potion of heal wounds {unknown}
 w - 2 potions of enlightenment {unknown}


   Skills:
 + Level 5.2 Fighting
 + Level 6.6 Axes
 + Level 0.1 Throwing
 + Level 5.7 Armour
 + Level 0.7 Dodging
 + Level 0.4 Stealth
 + Level 4.2 Shields


You had 6 spell levels left.
You didn't know any spells.
Your spell library contained the following spells:

 Spells                   Type           Power      Damage    Failure   Level
 Volatile Blastmotes      Fire/Tloc      0%         2d10      100%        3
 Fulminant Prism          Conj/Hex       0%         3d5       100%        4
 Iskenderun's Mystic Bla  Conj/Tloc      0%         2d3       100%        4
 Lee's Rapid Deconstruct  Erth           0%         3d4*      100%        5


Dungeon Overview and Level Annotations

Branches:
Dungeon (5/15)
 Temple: D:4-7

Altars:
Dithmenos
Qazlal
Yredelemnul


Innate Abilities, Weirdness & Mutations

You have a pair of horns on your head.
You reflexively headbutt those who attack you in melee.


Message History

You sock something!
Reactivating autopickup.
You feel a bit more experienced.
Your Fighting skill increases to level 5!
You have reached level 7!
You start resting.
Something hits you but does no damage.
Deactivating autopickup; reactivate with Ctrl-A.
You start resting.
Something hits you but does no damage. x2
You start resting.
You block something's attack. Something hits you but does no damage.
Something hits you but does no damage.
You hear some strange, mumbled words.
Something tries to affect you, but you resist.
You flicker for a moment.
Something hits you but does no damage. x2
You barely miss something. Your headbutt misses something.
Something hits you but does no damage.
You barely miss something.
Something hits you but does no damage. x2
You sock something! You headbutt something.
Reactivating autopickup.
You feel a bit more experienced.
A puff of flame appears from out of thin air!
Deactivating autopickup; reactivate with Ctrl-A.
The puff of flame hits you.
* * * LOW HITPOINT WARNING * * *
Things that are here:
a +0 dagger; a +0 robe; an orc corpse
Things that are here:
a +0 dagger; a +0 robe You flicker back into view.
Something hits you but does no damage.
Things that are here:
a +0 short sword; a +0 ring mail; an orc corpse You hit something.
Something hits you but does no damage.
You barely miss something.
You hear some strange, mumbled words.
A puff of flame appears from out of thin air!
The puff of flame hits you!
You die...

#.<....# #...<..#
#......# #......#
#.....># .
##.)....###.#
...###.)).....[...
.......)).....##.#
...###.@{#######.#
#....## #.#
........(.#..# #^#
.....###.###.## #.#
......... #..# #.#
......## ##.## #.#
......### #..#####.#
##....[.######....##.#
...........# ####....#


There were no monsters in sight!

Vanquished Creatures
  An ice beast (D:5)
  A kobold brigand (D:4)
  A scorpion (D:4)
  A hound (D:4)
  An orc priest (D:5)
  A jelly (D:4)
  2 orc wizards (D:5)
  An iguana (D:4)
  8 adders
  5 worms
  A dart slug (D:5)
  7 orcs
  3 ball pythons
  3 bats
  7 endoplasms
  3 giant cockroaches (D:2)
  6 goblins
  7 hobgoblins
  3 jackals (D:2)
  A quokka (D:4)
  6 frilled lizards
  3 kobolds
  3 rats
75 creatures vanquished.

Notes
Turn   | Place    | Note
-------+----------+-------------------------------------------
     0 | D:1      | funkygono the Minotaur Fighter began the quest for the Orb.
     0 | D:1      | Reached XP level 1. HP: 19/19 MP: 0/0
   505 | D:1      | Reached XP level 2. HP: 23/27 MP: 1/1
  1600 | D:2      | Reached XP level 3. HP: 28/33 MP: 2/2
  1632 | D:2      | Reached skill level 3 in Axes
  2316 | D:3      | Reached XP level 4. HP: 37/40 MP: 3/3
  2413 | D:3      | Reached skill level 4 in Axes
  2430 | D:3      | Found a shadowy altar of Dithmenos.
  2431 | D:3      | Found a basalt altar of Yredelemnul.
  2808 | D:4      | Found a stormy altar of Qazlal.
  2830 | D:4      | Noticed a kobold brigand
  2833 | D:4      | Noticed a scorpion
  2839 | D:4      | Killed a kobold brigand
  2840 | D:4      | Reached skill level 5 in Axes
  2840 | D:4      | Reached skill level 5 in Armour
  2840 | D:4      | Reached XP level 5. HP: 39/47 MP: 4/4
  3022 | D:4      | Reached XP level 6. HP: 53/53 MP: 5/5
  3433 | D:5      | Entered Level 5 of the Dungeon
  3440 | D:5      | Noticed an ice beast
  3449 | D:5      | Killed an ice beast
  3450 | D:5      | Reached skill level 6 in Axes
  3556 | D:5      | Identified the +6 mace of Summertime {venom, Contam Str+2
                  | Dex+3}
  3595 | D:5      | HP: 2/55 [something (4)]
  3605 | D:5      | Reached skill level 5 in Fighting
  3605 | D:5      | Reached XP level 7. HP: 4/61 MP: 6/6
  3615 | D:5      | HP: 2/61 [something/puff of flame (5)]
  3619 | D:5      | Killed from afar by an orc wizard

Illustrated notes

Levels and vault maps discovered:
D:1:      co_arrival_random_square_maze, layout_basic, palyth_stone_intersect,
          chequers_serial_rivers_small_a, roderic_serpentine_path
D:2:      layout_basic
D:3:      layout_rooms, minitemple
D:4:      layout_rooms, grunt_qazlal_clouds
D:5:      layout_rooms

Skill      XL: |  1  2  3  4  5  6 |
---------------+-------------------+-----
Fighting       | 4 5 |  5.2
Armour         | 4 5 |  5.7
Axes           | 3 5 6 |  6.6
Shields        | 4 |  4.2
Throwing       | |  0.1
Dodging        | |  0.7
Stealth        | |  0.4

Action                     |  1- 3 |  4- 6 |  7- 9 || total
---------------------------+-------+-------+-------++-------
  Melee: War axe           |    80 |    83 |       ||   163
         Headbutt          |    11 |    15 |     1 ||    27
         Mace              |       |    21 |     5 ||    26
  Throw: Stone             |     2 |       |       ||     2
    Use: Scroll            |       |     8 |       ||     8
         Potion            |       |     1 |       ||     1
 Armour: Scale mail        |    14 |       |       ||    14
         Chain mail        |    22 |   101 |    12 ||   135
  Dodge: Dodged            |    32 |    40 |       ||    72
         Repelled          |       |     2 |       ||     2
  Block: Buckler           |    16 |    28 |     1 ||    45

Table legend: (Time is in decaauts)
 A = Elapsed time spent in this place.
 B = Non-inter-level travel time spent in this place.
 C = Inter-level travel time spent in this place.
 D = Time resting spent in this place.
 E = Time spent auto-exploring this place.
 F = Levels seen in this place.
 G = Mean time per level.
                   A        B        C        D        E       F      G
               +--------+--------+--------+--------+--------+-----+--------+
         Total |   3676 |   3616 |     60 |      2 |   3009 |   5 |  735.2 |
       Dungeon |   3676 |   3616 |     60 |      2 |   3009 |   5 |  735.2 |
               +--------+--------+--------+--------+--------+-----+--------+

Top non-repeatable levels by time:
     D:1: 1196 daAuts
     D:2: 1023 daAuts
     D:4: 807 daAuts
     D:3: 456 daAuts
     D:5: 193 daAuts
